 Dungeon Crawl Stone Soup version 0.28.0 (webtiles) character file.

Game seed: 17849542031148853727

121571 GrayStillPlays the Transmogrifier (level 16, -11/180 HPs)
             Began as an Octopode Conjurer on Feb 7, 2022.
             Was an Elder of Ashenzari.
             Mangled by a ghoul (19 damage)
             ... on level 3 of the Swamp.
             The game lasted 03:30:34 (38492 turns).

GrayStillPlays the Transmogrifier (OpCj)           Turns: 38492, Time: 03:30:35

Health: -11/180    AC: 16    Str: 14    XL:     16   Next: 85%
Magic:  27/32      EV: 18    Int: 45    God:    Ashenzari [****..]
Gold:   3323       SH:  0    Dex: 18    Spells: 1/39 levels left

rFire   + + .      SeeInvis +     - Unarmed
rCold   . . .      Faith    .   (shield currently unavailable)
rNeg    . . .      Spirit   .   (helmet currently unavailable)
rPois   +          Reflect  .   T - amulet "Enlightened Mistrust" {Regen+ Int+6, Alch, Elem} (curse)
rElec   .          Harm     .   D - ring of Ashenzari's Secrets {rC+, Self, Comp} (curse)
rCorr   .          Rampage  .   p - ring "Chained Together" {EV+4, Elem, Self} (curse)
Will    +....      Clarity  +   K - ring of Supernal Understanding {rPois, Cun, Comp} (curse)
Stlth   +++.......              O - ring "Vision of Ashenzari" {Int+6, Alch, Comp} (curse)
HPRegen 1.20/turn               U - ring of flight
MPRegen 0.23/turn               k - ring "Shackled Serendipity" {Int+6, Alch, Evo} (curse)
                                e - +6 ring of dexterity
                                V - +4 ring of slaying

@: dragon-form, flying, very slightly contaminated, studying Maces & Flails
A: dragon claw, dragon scales, breathe fire, flying, boosted hp, almost no
armour, amphibious, 8 rings, giant, (camouflage 1), (gelatinous body 1), (nimble
swimmer 1), (tentacles), weak 1
a: Breathe Fire, End Transformation, Renounce Religion, Curse Item, Shatter the
Chains


You were on level 3 of the Swamp.
You worshipped Ashenzari.
Ashenzari was greatly pleased with you.
You were a fearsome dragon!
You visited 5 branches of the dungeon, and saw 27 of its levels.
You also visited: Bailey and Gauntlet.

You collected 3493 gold pieces.
You spent 170 gold pieces at shops.


Innate Abilities, Weirdness & Mutations

You are a fearsome dragon!
You have a powerful clawing attack.
Your giant scaled body is strong and resiliant, but less evasive.
You can breathe fire.
You are flying.
Your maximum health is greatly increased.
Your armour is entirely melded.
You are incapable of wielding weapons or throwing items.
You cannot wear most types of armour.
You are amphibious.
You can wear up to eight rings at the same time.
((Your skin changes colour to match your surroundings (Stealth+).))
((Your rubbery body absorbs attacks. (AC +1, EV +1)))
((You are camouflaged when in or above water. (Stealth+)))
((You have tentacles for arms and can constrict up to eight enemies at once.))
You are weak. (Str -2)


   Skills:
 + Level 11.7(14.6) Fighting
 * Level 10.5(12.4) Dodging
 - Level 2.6(4.3) Stealth
 - Level 4.3 Shields
 - Level 6.9 Unarmed Combat
 * Level 9.5(12.4) Spellcasting
 - Level 11.0 Conjurations
 - Level 7.6 Hexes
 - Level 6.4 Translocations
 - Level 13.1(16.9) Transmutations
 - Level 2.6(5.0) Air Magic
 - Level 8.4(11.4) Earth Magic
 - Level 9.1(11.1) Evocations


You had one spell level left.
You knew the following spells:

 Your Spells              Type           Power      Damage    Failure   Level
a - Magic Dart            Conj           100%       1d8       0%          1
b - Searing Ray           Conj           100%       2d8       0%          2
c - Fulminant Prism       Conj/Hex       42%        3d20      1%          4
d - Dragon Form           Tmut           55%        N/A       1%          7
e - Iskenderun's Mystic   Conj/Tloc      82%        2d16      1%          4
f - Mephitic Cloud        Conj/Pois/Air  67%        N/A       1%          3
g - Manifold Assault      Tloc           72%        N/A       1%          5
h - Irradiate             Conj/Tmut      50%        3d30      1%          5
i - Silence               Hex/Air        35%        N/A       1%          5
j - Blink                 Tloc           100%       N/A       1%          2

Your spell library contained the following spells:

 Spells                   Type           Power      Damage    Failure   Level
 Apportation              Tloc           100%       N/A       1%          1
 Freeze                   Ice            100%       1d11      1%          1
 Pain                     Necr           100%       1d9       1%          1
 Slow                     Hex            100%       N/A       1%          1
 Call Imp                 Summ           32%        N/A       1%          2
 Ensorcelled Hibernation  Hex/Ice        100%       N/A       1%          2
 Confusing Touch          Hex            77%        N/A       1%          3
 Dazzling Flash           Conj/Hex       100%       N/A       1%          3
 Gell's Gravitas          Tloc           72%        N/A       1%          3
 Lesser Beckoning         Tloc           72%        N/A       1%          3
 Spider Form              Tmut/Pois      82%        N/A       1%          3
 Stone Arrow              Conj/Erth      100%       3d13      1%          3
 Teleport Other           Tloc           72%        N/A       1%          3
 Tukima's Dance           Hex            77%        N/A       1%          3
 Anguish                  Hex/Necr       29%        N/A       1%          4
 Hailstorm                Conj/Ice       68%        3d14      1%          4
 Ice Form                 Ice/Tmut       82%        N/A       1%          4
 Alistair's Intoxication  Tmut/Pois      54%        N/A       1%          5
 Blade Hands              Tmut           55%        N/A       1%          5
 Frozen Ramparts          Ice            62%        1d8       2%          3
 Vampiric Draining        Necr           32%        2d8       2%          3
 Borgnjor's Vile Clutch   Necr/Erth      35%        N/A       2%          5
 Eringya's Noxious Bog    Tmut/Pois      41%        N/A       4%          6
 Summon Ice Beast         Ice/Summ       32%        N/A       8%          4
 Agony                    Necr           32%        N/A       22%         5
 Excruciating Wounds      Necr           16%        N/A       22%         5
 Enfeeble                 Hex            38%        N/A       34%         7
 Lehudib's Crystal Spear  Conj/Erth      46%        10d11     54%         8
 Animate Armour           Summ/Erth      Unusable   N/A       N/A         4

Inventory:

Hand Weapons
 C - a +0 halberd of venom {polearm}
   (You found it on level 2 of the Swamp)
Missiles
 m - 6 datura-tipped darts {throwing}
 w - 41 poisoned darts (quivered) {throwing}
 Q - 6 curare-tipped darts {=fthrowing}
Armour
 b - the cursed +2 hat "Thunder Perfect Mind" (melded) {Melee, Elem}
   (You acquired it in a bailey)

   It has a curse which improves the following skills: Melee Combat: Short
   Blades, Long Blades, Axes, Maces & Flails, Polearms, Staves and Unarmed
   Combat.
   Elements:  Fire Magic, Ice Magic, Air Magic and Earth Magic.
 P - the +7 buckler of Weirdness (melded) {SInv}
   (You found it on level 1 of the Lair of Beasts)

   SInv:      It lets you see invisible.
Magical Staves
 q - a staff of conjuration (melded) {!a@e2staff}
   (You found it on level 7 of the Dungeon)
 H - a staff of death {!astaff}
   (You found it on level 14 of the Dungeon)
Jewellery
 e - a +6 ring of dexterity (on tentacle)
   (You found it on level 9 of the Dungeon)
 k - the cursed ring "Shackled Serendipity" (on tentacle) {Int+6, Alch, Evo}
   (You found it on level 5 of the Lair of Beasts)

   [ring of intelligence]

   Int:       It affects your intelligence (+6).
   It has a curse which improves the following skills: Alchemy: Poison Magic and
   Transmutations.
   Evocations: Evocations.
 p - the cursed ring "Chained Together" (right foreclaw) {EV+4, Elem, Self}
   (You found it on level 7 of the Dungeon)

   [ring of evasion]

   EV:        It affects your evasion (+4).
   It has a curse which improves the following skills: Elements: Fire Magic, Ice
   Magic, Air Magic and Earth Magic.
   Introspection: Fighting and Spellcasting.
 D - the cursed ring of Ashenzari's Secrets (left foreclaw) {rC+, Self, Comp}
   (You found it on level 7 of the Dungeon)

   [ring of protection from cold]

   rC:        It protects you from cold.
   It has a curse which improves the following skills: Introspection: Fighting
   and Spellcasting.
   Companions: Summonings and Necromancy.
 K - the cursed ring of Supernal Understanding (on tentacle) {rPois, Cun, Comp}
   (You took it off a wight on level 8 of the Dungeon)

   [ring of poison resistance]

   rPois:     It protects you from poison.
   It has a curse which improves the following skills: Cunning: Dodging and
   Stealth.
   Companions: Summonings and Necromancy.
 O - the cursed ring "Vision of Ashenzari" (on tentacle) {Int+6, Alch, Comp}
   (You found it on level 1 of the Lair of Beasts)

   [ring of intelligence]

   Int:       It affects your intelligence (+6).
   It has a curse which improves the following skills: Alchemy: Poison Magic and
   Transmutations.
   Companions: Summonings and Necromancy.
 T - the cursed amulet "Enlightened Mistrust" (around neck) {Regen+ Int+6, Alch, Elem}
   (You took it off a vampire on level 7 of the Dungeon)

   [amulet of regeneration]

   Int:       It affects your intelligence (+6).
   Regen:     It increases your rate of health regeneration.
   It has a curse which improves the following skills: Alchemy: Poison Magic and
   Transmutations.
   Elements:  Fire Magic, Ice Magic, Air Magic and Earth Magic.
 U - a ring of flight (on tentacle)
   (You found it on level 2 of the Lair of Beasts)
 V - a +4 ring of slaying (on tentacle)
   (You found it on level 7 of the Dungeon)
Wands
 c - a wand of iceblast (2)
   (You found it on level 9 of the Dungeon)
 g - a wand of acid (2)
   (You took it off an orc on level 11 of the Dungeon)
 i - a wand of digging (8)
   (You found it on level 2 of the Swamp)
 n - a wand of polymorph (1)
   (You found it on level 7 of the Dungeon)
 x - a wand of paralysis (12)
   (You took it off Ijyb on level 4 of the Dungeon)
 M - a wand of mindburst (26)
   (You found it on level 1 of the Lair of Beasts)
Scrolls
 a - 6 scrolls of amnesia
 d - 11 scrolls of teleportation {@r4}
 f - 4 scrolls of fear
 j - 5 scrolls of magic mapping {!r}
 o - a scroll of fog
 v - 3 scrolls of enchant armour
 y - a scroll of holy word
 A - 4 scrolls of immolation {!r!r}
 B - 3 scrolls of silence {!r}
 I - 3 scrolls of enchant weapon
 J - 2 scrolls of brand weapon
 W - 2 scrolls of torment {!r}
Potions
 r - a potion of berserk rage {!q}
 s - 2 potions of attraction {!q}
 t - 4 potions of mutation {!q}
 u - 4 potions of might
 E - a potion of resistance
 F - a potion of experience
 G - 2 potions of cancellation
 N - 5 potions of haste {@q3}
 R - 2 potions of brilliance
 X - 2 potions of flight
 Y - 7 potions of curing {@q1}
Miscellaneous
 h - a tin of tremorstones (1/2) {throwing}
   (You found it on level 7 of the Dungeon)
 l - a condenser vane
   (You found it on level 7 of the Dungeon)
 z - a phial of floods
   (You found it on level 7 of the Dungeon)
 Z - a phantom mirror
   (You found it on level 6 of the Lair of Beasts)

Dungeon Overview and Level Annotations

Branches:
Dungeon (15/15)            Temple (1/1) D:4            Lair (6/6) D:8
  Swamp (3/4) Lair:3        Snake (0/4) Lair:4        Slime (0/5) Lair:6
    Orc (2/2) D:12            Elf (0/3) Orc:2        Vaults (0/5) D:13
 Depths (0/4) D:15         Bailey (visited)         Gauntlet (visited)

Altars:
Ashenzari
Cheibriados
Dithmenos
Elyvilon
Fedhas
Gozag
Hepliaklqana
Kikubaaqudgha
Makhleb
Nemelex Xobeh
Okawaru
Qazlal
Ru
Sif Muna
Trog
Uskayaw
Vehumet
Wu Jian
Xom
Yredelemnul
Zin
The Shining One
Beogh
Jiyva

Shops:
D:2 (   D:3 ([[   Orc:2 *!:([(

Portals:
Pandemonium: Orc:2

Annotations:
D:8 3 runed translucent doors, Dazliare's ghost, journeyman MiBe
D:14 3 runed translucent doors, Opnastoc's ghost, journeyman MiBe
Lair:3 Rupert

,.≈≈§≈§≈ * *§≈♣♣ .≈≈≈≈≈.
♣♣♣≈≈♣ ≈ .≈≈≈≈$§
♣♣≈≈≈≈♣♣ ≈
≈$§≈≈≈≈.{♣(≈≈≈§≈♣ ≈
.....≈≈♣♣.≈§≈≈.♣ {
♣...†..n.≈≈.♣ ≈
♣.≈≈.......♣♣ ♣♣ ≈≈
♣♣♣♣♣♣≈.≈≈≈n..♣♣♣.♣♣ ,
♣....♣♣♣≈≈≈vnD♣♣≈..♣ ♣ ,
*♣.<.(.♣♣♣♣≈....♣..♣♣♣≈♣
≈
♣.........♣♣≈≈≈.≈≈≈....
,
♣.....≈...♣♣♣≈....≈..≈≈
≈
♣...?≈≈≈....♣♣♣.≈≈....♣
♣♣..≈≈≈≈≈≈...♣≈...♣.≈♣♣
♣...≈≈≈≈≈..(....≈....♣
♣♣...≈≈≈≈≈....≈.^...♣≈
♣♣...≈≈≈≈≈.≈≈.≈≈...♣ *


You could see 3 ghouls and a will-o-the-wisp.


Message History

😎 MP[+1]
A bog body comes into view.
A ghoul comes into view.
A ghoul comes into view.
The ghoul moves out of view.
You maul the ghoul!!!
You tail-slap the ghoul, but do no damage.
You bite the ghoul. The ghoul claws you! The ghoul claws you!! 😕 HP[-25] MP[+1]
You take 25 damage, and now have 155/180 hp.
You maul the ghoul!!!
You tail-slap the ghoul!
You hear a chilling moan.
The ghoul claws you but does no damage. The ghoul claws you!
A ghoul comes into view. 😕 HP[-6]
You take 6 damage, and now have 149/180 hp.
You claw the ghoul!
Your tail-slap misses the ghoul.
The ghoul claws you but does no damage. x2 😕 HP[+1]
You claw the ghoul! You tail-slap the ghoul.
The ghoul claws you but does no damage.
The ghoul completely misses you. 😕 HP[+1]
You maul the ghoul!!!
You destroy the ghoul!
The ghoul closely misses you. x2
A will-o-the-wisp comes into view. 😕 HP[+1]
You claw the bog body! The bog body touches you.
The bog body freezes you! 😮 HP[-19] MP[+1]
You take 19 damage, and now have 133/180 hp.
You bite the bog body!!
You destroy the bog body!
The ghoul claws you.
The ghoul completely misses you. x2; The ghoul claws you! 😮 HP[-13]
You take 13 damage, and now have 120/180 hp.
You maul the ghoul!!!
You tail-slap the ghoul. The ghoul claws you but does no damage.
The ghoul claws you!! 😮 HP[-17]
You take 17 damage, and now have 103/180 hp.
The ghoul misses you. The ghoul completely misses you.
The ghoul barely misses you. The ghoul closely misses you.
The ghoul claws you!!
* * * LOW HITPOINT WARNING * * *
The ghoul claws you but does no damage.
You see here a bog body corpse. 😨 HP[-20]
You take 20 damage, and now have 83/180 hp.
Casting: Dragon Form (mildly dangerous; 1% risk of failure)
Confirm with . or Enter, or press ? or * to list all spells.
You erupt in a fountain of uncontrolled magic!
The ghoul is blasted with magical radiation!!! x3
You are very lightly contaminated with residual magic.
The ghoul misses you. The ghoul claws you!
* * * LOW HITPOINT WARNING * * *
The ghoul claws you!
* * * LOW HITPOINT WARNING * * *
The ghoul completely misses you. The ghoul closely misses you.
The ghoul claws you.
* * * LOW HITPOINT WARNING * * *
😨 HP[-29] MP[-5]
You take 29 damage, and now have 54/180 hp.
You lost 5 mp, and now have 25/32 mp.
You claw the ghoul! The ghoul closely misses you. The ghoul misses you.
The ghoul closely misses you. The ghoul claws you!
* * * LOW HITPOINT WARNING * * *
The ghoul splashes around in the water.
The ghoul claws you!
* * * LOW HITPOINT WARNING * * *
😱 HP[-21] MP[+1]
You take 21 damage, and now have 33/180 hp.
The ghoul barely misses you. x2; The ghoul misses you.
The ghoul barely misses you. 😱 HP[+2]
You regained 2 hp, and now have 35/180 hp.
The will-o-the-wisp gestures.
The will-o-the-wisp conjures some foxfire!
The ghoul claws you but does no damage. x2 2 foxfires come into view. 😱 HP[+1]
The foxfire hits you but does no damage.
The foxfire moves out of view. 😱 HP[+1]
The will-o-the-wisp gestures.
The will-o-the-wisp conjures some foxfire! 2 foxfires come into view. 😱 HP[+1] MP[+1]
The foxfire hits you! You resist.
* * * LOW HITPOINT WARNING * * *
The foxfire hits you! You resist.
* * * LOW HITPOINT WARNING * * *
Things that are here:
a +0 chain mail; an alligator corpse; 😱 HP[-18]
You take 18 damage, and now have 20/180 hp.
There is a stone staircase leading down here. 😱 HP[+2]
You regained 2 hp, and now have 22/180 hp.
You can't go up here!
The ghoul claws you!
* * * LOW HITPOINT WARNING * * *
The ghoul claws you!!
You die...

Skill      XL: |  1  2  3  4  5  6  7  8  9 10 11 12 13 14 15 16 |
---------------+-------------------------------------------------+-----
Dodging        | 3 4 5 6 7 9 10 | 10.5
Spellcasting   | 3 4 8 9 |  9.5
Conjurations   | 5 6 7 8 9 11 | 11.0
Hexes          | 1 3 5 7 |  7.6
Fighting       | 3 6 9 10 11 | 11.7
Earth Magic    | 4 8 |  8.4
Shields        | 4 |  4.3
Transmutations | 1 11 12 13 | 13.1
Unarmed Combat | 6 |  6.9
Evocations     | 4 9 |  9.1
Air Magic      | 2 |  2.6
Translocations | 6 |  6.4
Stealth        | |  2.6

Action                   |  1- 3 |  4- 6 |  7- 9 | 10-12 | 13-15 | 16-18 || total
-------------------------+-------+-------+-------+-------+-------+-------++-------
Melee: Unarmed           |    10 |       |       |       |   786 |   241 ||  1037
       Constrict         |     3 |     6 |       |     3 |     1 |       ||    13
       Tentacles         |     2 |     6 |       |    10 |     2 |       ||    20
       Dagger            |     5 |     9 |       |       |       |       ||    14
       Short sword       |       |     3 |       |       |       |       ||     3
       Whip              |       |    19 |     2 |       |       |       ||    21
       Falchion          |       |       |       |     4 |       |       ||     4
       Staff             |       |       |       |    31 |     3 |       ||    34
       Tailslap          |       |       |       |       |   104 |    50 ||   154
       Bite              |       |       |       |       |    77 |    40 ||   117
       Punch             |       |       |       |       |    27 |    10 ||    37
Throw: Dart              |       |       |    12 |    25 |       |       ||    37
 Cast: Magic Dart        |    82 |    66 |    72 |    16 |     1 |       ||   237
       Searing Ray       |       |    14 |    51 |   122 |    48 |       ||   235
       Fulminant Prism   |       |       |     4 |    92 |    69 |       ||   165
       Stone Arrow       |       |       |       |     9 |     2 |       ||    11
       Iskenderun's Myst |       |       |       |     1 |     2 |     1 ||     4
       Ice Form          |       |       |       |       |    24 |       ||    24
       Mephitic Cloud    |       |       |       |       |     7 |       ||     7
       Dragon Form       |       |       |       |       |    64 |    29 ||    93
       Irradiate         |       |       |       |       |     1 |     9 ||    10
       Manifold Assault  |       |       |       |       |       |     5 ||     5
       Silence           |       |       |       |       |       |     4 ||     4
       Blink             |       |       |       |       |       |     2 ||     2
Invok: Curse Item        |       |       |       |     3 |     3 |     1 ||     7
 Abil: Breathe Fire      |       |       |       |       |    10 |     3 ||    13
Evoke: Wand              |       |       |       |     4 |     2 |       ||     6
       Tin of tremorston |       |       |       |       |       |     2 ||     2
  Use: Scroll            |       |       |       |    14 |     4 |     1 ||    19
       Potion            |       |       |       |     1 |     2 |     8 ||    11
 Stab: Sleeping          |       |     1 |       |       |     2 |     3 ||     6
       Distracted        |       |       |       |       |     2 |       ||     2
       Confused          |       |       |       |       |     2 |       ||     2
Armor: Skin              |     1 |     1 |     4 |    18 |   318 |   120 ||   462
Dodge: Dodged            |     8 |    38 |    41 |   180 |   688 |   268 ||  1223
Block: Buckler           |       |     2 |     7 |   104 |    35 |       ||   148

Levels and vault maps discovered:
D:1:      dpeg_arrival_houses_and_road, layout_basic,
          shapermc_ecumenical_altar_mp_vishouse
D:2:      layout_basic, serial_shops, shop, minivault_26, minivault_26,
          chequers_mini_garden, minmay_diced_spiral
D:3:      layout_basic, overflow_temple_1_default, lemuel_tele_altar,
          serial_shops, nicolae_shop_crystal, nicolae_shop_hallway_plus,
          nicolae_shop_statue_plus, uniq_terence, uniq_jessica
D:4:      cheibrodos_barr_body, layout_loops_ring,
          nicolae_ru_sacrificial_ziggurat, temple_hall, kennysheep_crisscross,
          uniq_ijyb
D:5:      layout_basic
D:6:      layout_rooms, nicolae_ashenzari_panopticon
D:7:      minmay_the_grid_triangle_9x9_rhombus_full
          [minmay_the_grid_triangle_9x9_thin_v,
          minmay_the_grid_triangle_9x9_flanged_cone,
          minmay_the_grid_triangle_9x9_zippers_horizontal,
          minmay_the_grid_triangle_9x9_cache,
          minmay_the_grid_triangle_9x9_impossible_snake,
          minmay_the_grid_triangle_9x9_dagger,
          minmay_the_grid_triangle_9x9_wacky_v,
          minmay_the_grid_triangle_9x9_prize_insulated], layout_basic,
          vehumet_altar_wand_db, enter_bailey_1, minmay_misc_feat_pillars,
          st_stairs_10
D:8:      minmay_bubble_buster, layout_loops_corners, minmay_lair_entry_grove,
          ebering_ghost_gozag
D:9:      layout_basic, fedhas_altar_2, uniq_harold
D:10:     layout_stronghold, mainiacjoe_overflow_chevrons, grunt_ministairs_2
D:11:     layout_loops_cross, nicolae_sif_muna_condensation
D:12:     layout_roguey, minmay_orc_entry_temple_small, gauntlet_entry_generic
D:13:     layout_roguey, skrybe_vaults_entry_preservation,
          grunt_gozag_breadcrumbs
D:14:     layout_basic, gammafunk_ghost_ooze, chequers_avenue, uniq_kirke
D:15:     grunt_enter_depths_giant_problem, layout_rooms, serial_ice,
          serial_ice_o, serial_ice_j, serial_ice_c, serial_ice_n,
          serial_bayou_lagoon_a
Temple:   regret_index_temple_generic_petals
Lair:1:   layout_small_grid
Lair:2:   nzn_winding_woodlands_large [nzn_winding_woodlands_5x5_closed_star,
          nzn_winding_woodlands_5x15_eye, nzn_winding_woodlands_5x5_cross,
          nzn_winding_woodlands_center_triple_pond,
          nzn_winding_woodlands_15x15_thick_spiral,
          nzn_winding_woodlands_center_garden, nzn_winding_woodlands_5x5_three,
          nzn_winding_woodlands_5x15_sidewinder,
          nzn_winding_woodlands_5x5_open_star], layout_cave_pods,
          nicolae_lair_grove_arrangements
Lair:3:   layout_cave_pods, minmay_swamp_entry_worms, uniq_rupert
Lair:4:   layout_layer_cave, minmay_snake_entry_six_corridors,
          grunt_megastairs_1, infiniplex_staircase_pool_2, uniq_urug
Lair:5:   layout_misc_corridors, columned_hall_lemuel,
          nicolae_quartered_pool_medium
Lair:6:   evilmike_catoblepas_cave, layout_small_grid,
          dpeg_slime_entry_enclosed_altar, patterned_corridor
Swamp:1:  layout_basic_swamp, nicolae_swamp_dense_foliage, swamp_pool3,
          cheibrodos_swamp_pet_leeches, infiniplex_staircase_pool, uniq_jorgrun,
          uniq_donald, uniq_nikola
Swamp:2:  layout_basic_swamp, evilmike_swamp_ruin_wall, swamp_pool4
Swamp:3:  layout_basic_swamp, nicolae_swamp_stair_fork, swamp_pool3
Orc:1:    layout_diamond_mine
Orc:2:    pf_orc_diabolical, layout_caves, basic_altar, serial_shops,
          nicolae_shop_statue_plus, guppyfry_orc_lava_fort

Notes
Turn   | Place    | Note
-------+----------+-------------------------------------------
     0 | D:1      | GrayStillPlays the Octopode Conjurer began the quest for
                  | the Orb.
     0 | D:1      | Reached XP level 1. HP: 11/11 MP: 3/3
     0 | D:1      | magus.rc [v1.9.6]
   258 | D:1      | Reached XP level 2. HP: 10/17 MP: 0/5
   931 | D:1      | Reached XP level 3. HP: 13/21 MP: 1/6
  1593 | D:1      | Found a faded altar of an unknown god.
  1913 | D:2      | Found Plog's Weapon Shoppe.
  2139 | D:2      | Reached XP level 4. HP: 27/27 MP: 2/8
  2355 | D:2      | You pick up a book of Armaments and begin reading...
  2355 | D:2      | You add the spells Stone Arrow and Lehudib's Crystal Spear
                  | to your library.
  2414 | D:2      | Reached skill level 3 in Dodging
  3074 | D:3      | Found Pucof's Armour Boutique.
  3131 | D:3      | Found a glowing golden altar of the Shining One.
  3133 | D:3      | Noticed Jessica
  3167 | D:3      | Reached skill level 3 in Spellcasting
  3170 | D:3      | Learned a level 2 spell: Searing Ray
  3255 | D:3      | You pick up a book of Pain and begin reading...
  3255 | D:3      | You add the spells Pain, Agony and Excruciating Wounds to
                  | your library.
  3296 | D:3      | Found a shimmering altar of Xom.
  3402 | D:3      | Noticed Terence
  3411 | D:3      | HP: 6/27 [Terence (10)]
  3416 | D:3      | Killed Terence
  3417 | D:3      | Reached XP level 5. HP: 12/31 MP: 0/9
  3602 | D:3      | Killed Jessica
  3661 | D:3      | Found Qurchuhe's Armour Shoppe.
  3670 | D:3      | Bought a +0 buckler for 58 gold pieces
  3811 | D:3      | Found Becvyil's Antique Weapon Boutique.
  4009 | D:4      | Noticed a centaur
  4017 | D:4      | Killed a centaur
  4018 | D:4      | Reached skill level 5 in Conjurations
  4018 | D:4      | Reached XP level 6. HP: 11/36 MP: 6/11
  4071 | D:4      | Noticed Ijyb
  4091 | D:4      | Killed Ijyb
  4251 | D:4      | Reached skill level 4 in Dodging
  4382 | D:4      | Found a sacrificial altar of Ru.
  4533 | D:4      | Reached skill level 4 in Spellcasting
  4745 | D:4      | Found a staircase to the Ecumenical Temple.
  4756 | Temple   | Entered the Ecumenical Temple
  5126 | D:4      | Reached XP level 7. HP: 34/41 MP: 4/13
  5621 | D:5      | Entered Level 5 of the Dungeon
  5811 | D:5      | Reached skill level 6 in Conjurations
  5897 | D:5      | Reached skill level 5 in Dodging
  5969 | D:5      | You fall into a shaft and drop 1 floor!
  6068 | D:6      | You pick up a book of Dreams and begin reading...
  6068 | D:6      | You add the spells Ensorcelled Hibernation, Spider Form and
                  | Anguish to your library.
  6082 | D:6      | Noticed a yak
  6096 | D:5      | Learned a level 4 spell: Fulminant Prism
  6386 | D:5      | HP: 2/41 [orc warrior/boomerang (14)]
  6503 | D:5      | Reached skill level 1 in Hexes
  6588 | D:5      | Reached XP level 8. HP: 46/46 MP: 9/15
  6719 | D:6      | Found a broken altar of Ashenzari.
  6861 | D:6      | Noticed a yak
  6861 | D:6      | Noticed a yak
  6861 | D:6      | Noticed a yak
  6866 | D:6      | Noticed a yak
  6871 | D:6      | Noticed a yak
  6920 | D:5      | Killed a yak
  6921 | D:5      | Reached skill level 2 in Hexes
  6924 | D:5      | Reached skill level 6 in Dodging
  6924 | D:5      | Reached skill level 7 in Conjurations
  7175 | D:6      | Reached skill level 1 in Fighting
  7176 | D:6      | Reached skill level 3 in Hexes
  7385 | D:6      | You pick up a book of Frost and begin reading...
  7385 | D:6      | You add the spells Freeze, Frozen Ramparts and Hailstorm to
                  | your library.
  7422 | D:6      | Killed a yak
  7423 | D:6      | Reached skill level 2 in Fighting
  7558 | D:6      | Killed a yak
  7559 | D:6      | Reached skill level 3 in Fighting
  7559 | D:6      | Reached XP level 9. HP: 43/57 MP: 6/16
  7650 | D:6      | Reached skill level 4 in Hexes
  7653 | D:6      | Reached skill level 4 in Fighting
  8035 | D:6      | Reached skill level 5 in Fighting
  8037 | D:6      | Reached skill level 8 in Conjurations
  8141 | D:6      | Became a worshipper of Ashenzari the Shackled
  8271 | D:7      | Found a radiant altar of Vehumet.
  8315 | D:7      | Found a flagged portal.
  8324 | Bailey   | Entered a bailey
  8601 | Bailey   | Reached skill level 5 in Hexes
  8803 | Bailey   | Reached skill level 6 in Fighting
  8849 | Bailey   | Noticed a kobold demonologist
  8858 | Bailey   | Noticed a smoke demon
  8859 | Bailey   | Killed a kobold demonologist
  8907 | Bailey   | Reached XP level 10. HP: 69/69 MP: 4/17
  9074 | Bailey   | Noticed an orc knight
  9170 | Bailey   | Killed an orc knight
  9171 | Bailey   | Reached skill level 7 in Fighting
  9378 | Bailey   | Reached skill level 6 in Hexes
  9530 | Bailey   | Noticed an orc high priest
  9536 | Bailey   | Noticed a soul eater
  9537 | Bailey   | Noticed a soul eater
  9677 | Bailey   | Noticed a smoke demon
  9678 | Bailey   | Noticed an orange demon
  9681 | Bailey   | Noticed a soul eater
  9687 | Bailey   | Killed an orc high priest
  9688 | Bailey   | Reached skill level 9 in Conjurations
  9826 | Bailey   | Found an iron altar of Okawaru.
 10168 | Bailey   | Acquired 919 gold pieces
 10170 | Bailey   | Acquired a +2 hat
 11038 | D:7      | Reached skill level 8 in Fighting
 12246 | D:7      | Reached skill level 9 in Fighting
 12336 | D:7      | Reached skill level 7 in Hexes
 12478 | D:7      | Reached XP level 11. HP: 80/80 MP: 8/18
 12508 | D:7      | HP: 20/80 [something (6)]
 12513 | D:7      | HP: 14/80 [something (1)]
 12518 | D:7      | HP: 10/80 [something (6)]
 12617 | D:8      | Learned a level 3 spell: Stone Arrow
 13055 | D:8      | Found a staircase to the Lair.
 13155 | D:8      | Reached skill level 10 in Conjurations
 13168 | D:8      | Reached skill level 10 in Fighting
 14006 | D:8      | Reached skill level 1 in Earth Magic
 14040 | D:8      | Reached skill level 1 in Shields
 14448 | D:8      | Reached skill level 2 in Shields
 14448 | D:8      | Reached skill level 2 in Earth Magic
 14735 | D:8      | Found a runed translucent gate.
 14736 | D:8      | Found a runed translucent gate.
 14736 | D:8      | Found a runed translucent gate.
 14737 | D:8      | Found an opulent altar of Gozag.
 14737 | D:8      | Noticed Dazliare's ghost (journeyman MiBe)
 14873 | D:8      | You pick up a book of Minor Magic and begin reading...
 14873 | D:8      | You add the spells Call Imp and Mephitic Cloud to your
                  | library.
 15113 | Lair:1   | Entered Level 1 of the Lair of Beasts
 15220 | Lair:1   | Reached skill level 3 in Shields
 15220 | Lair:1   | Reached skill level 3 in Earth Magic
 15326 | Lair:1   | Reached * piety under Ashenzari
 15360 | Lair:1   | Learned a level 4 spell: Iskenderun's Mystic Blast
 15646 | Lair:1   | Reached skill level 4 in Shields
 15646 | Lair:1   | Reached skill level 4 in Earth Magic
 15802 | Lair:1   | Reached skill level 11 in Conjurations
 15868 | Lair:1   | Reached XP level 12. HP: 89/89 MP: 8/20
 16200 | Lair:1   | Identified the +7 buckler of Weirdness {SInv}
 16265 | Lair:1   | Noticed a four-headed hydra
 16288 | Lair:2   | Reached skill level 5 in Spellcasting
 16299 | Lair:2   | Reached skill level 5 in Earth Magic
 16748 | Lair:2   | You pick up a book of Debilitation and begin reading...
 16748 | Lair:2   | You add the spells Slow, Vampiric Draining and Confusing
                  | Touch to your library.
 16755 | Lair:2   | Noticed a boulder beetle
 16770 | Lair:2   | Killed a boulder beetle
 16771 | Lair:2   | Reached skill level 6 in Spellcasting
 16794 | Lair:2   | Reached skill level 6 in Earth Magic
 17434 | Lair:2   | Learned a level 3 spell: Mephitic Cloud
 17595 | Lair:2   | Reached skill level 7 in Earth Magic
 17709 | Lair:2   | magus.rc [v1.9.6]
 17878 | Lair:2   | Reached skill level 7 in Spellcasting
 17940 | Lair:2   | Noticed a seven-headed hydra
 17968 | Lair:2   | Killed a seven-headed hydra
 18181 | Lair:2   | Noticed a five-headed hydra
 18368 | Lair:2   | Noticed a death yak
 18370 | Lair:2   | Noticed a death yak
 18521 | Lair:1   | Killed a death yak
 18818 | Lair:1   | Killed a death yak
 18819 | Lair:1   | Reached skill level 8 in Earth Magic
 19094 | Lair:2   | Reached skill level 8 in Spellcasting
 19238 | Lair:2   | You pick up a book of Maledictions and begin reading...
 19238 | Lair:2   | You add the spells Tukima's Dance and Enfeeble to your
                  | library.
 19241 | Lair:2   | You pick up a book of Rime and begin reading...
 19241 | Lair:2   | You add the spells Ice Form and Summon Ice Beast to your
                  | library.
 19261 | Lair:2   | Learned a level 4 spell: Ice Form
 19424 | Lair:2   | Reached skill level 1 in Transmutations
 19424 | Lair:2   | Reached XP level 13. HP: 73/94 MP: 16/26
 19501 | Lair:2   | Reached skill level 2 in Transmutations
 19860 | Lair:2   | Reached skill level 3 in Transmutations
 20007 | Lair:2   | Reached skill level 4 in Transmutations
 20131 | Lair:2   | Reached skill level 5 in Transmutations
 20911 | Lair:1   | Reached skill level 6 in Transmutations
 21107 | Lair:3   | Noticed Rupert
 21465 | Lair:3   | You pick up a book of Transfigurations {@e2} and begin
                  | reading...
 21465 | Lair:3   | You add the spells Irradiate, Blade Hands and Dragon Form
                  | to your library.
 22160 | Lair:3   | Reached skill level 7 in Transmutations
 22431 | Lair:4   | Noticed Urug
 22444 | Lair:4   | Killed Urug
 22527 | Lair:4   | Learned a level 5 spell: Irradiate
 22639 | Lair:4   | Reached skill level 8 in Transmutations
 22899 | Lair:4   | You pick up a book of Dreams and begin reading...
 23039 | Lair:4   | Reached skill level 9 in Transmutations
 23506 | Lair:4   | Found a staircase to the Snake Pit.
 23526 | Lair:4   | Reached ** piety under Ashenzari
 24276 | Lair:4   | Reached skill level 10 in Transmutations
 24520 | Lair:6   | Entered Level 6 of the Lair of Beasts
 25556 | Lair:5   | Learned a level 7 spell: Dragon Form
 25612 | Lair:6   | Reached skill level 11 in Transmutations
 25612 | Lair:6   | Reached XP level 14. HP: 96/96 MP: 20/28
 26033 | Lair:6   | Reached skill level 12 in Transmutations
 26187 | Lair:6   | Reached skill level 1 in Unarmed Combat
 26289 | Lair:6   | Reached skill level 2 in Unarmed Combat
 26335 | Lair:6   | Found a viscous altar of Jiyva.
 26335 | Lair:6   | Found a staircase to the Slime Pits.
 26689 | Lair:6   | Reached skill level 3 in Unarmed Combat
 26785 | Lair:6   | Reached skill level 4 in Unarmed Combat
 26815 | Lair:6   | Reached skill level 7 in Dodging
 26817 | Lair:6   | Reached skill level 5 in Unarmed Combat
 27200 | Lair:6   | Reached skill level 6 in Unarmed Combat
 27248 | Lair:6   | You pick up a book of Party Tricks and begin reading...
 27248 | Lair:6   | You add the spells Apportation and Alistair's Intoxication
                  | to your library.
 27602 | D:9      | Found a blossoming altar of Fedhas.
 27922 | D:9      | Noticed Harold
 27930 | D:9      | Killed Harold
 28071 | D:9      | Identified the +11 quarterstaff "Tueredas" {elec, Str+6}
 28220 | D:10     | Entered Level 10 of the Dungeon
 28228 | D:10     | Reached skill level 1 in Evocations
 28239 | D:10     | Reached skill level 2 in Evocations
 28326 | D:10     | Identified the +1 chain mail "Hachoh" {Slay+3}
 28392 | D:10     | Reached skill level 3 in Evocations
 28592 | D:10     | Found a hide-covered altar of Uskayaw.
 29324 | D:11     | Reached skill level 4 in Evocations
 29324 | D:11     | Reached XP level 15. HP: 108/108 MP: 22/29
 29371 | D:11     | Found a shimmering blue altar of Sif Muna.
 29772 | D:11     | You pick up a book of the Senses and begin reading...
 29783 | D:11     | Reached *** piety under Ashenzari
 30126 | D:11     | Reached skill level 5 in Evocations
 30261 | D:12     | Found a gate leading to a gauntlet.
 30275 | Gauntlet | Entered a Gauntlet
 30275 | Gauntlet | Found a transporter.
 30282 | Gauntlet | Found a transporter.
 30285 | Gauntlet | Found a transporter.
 30286 | Gauntlet | Found a transporter.
 30294 | Gauntlet | Found a transporter.
 30297 | Gauntlet | Found a transporter.
 30298 | Gauntlet | Found a transporter.
 30304 | Gauntlet | Found a runed translucent gate.
 30306 | Gauntlet | Found a transporter.
 30307 | Gauntlet | Found a runed translucent gate.
 30308 | Gauntlet | Found a runed translucent gate.
 30309 | Gauntlet | Found a transporter.
 30310 | Gauntlet | Found a transporter.
 30321 | Gauntlet | Found a transporter.
 30321 | Gauntlet | Found a transporter.
 30322 | Gauntlet | Found a transporter.
 30330 | Gauntlet | Found a transporter.
 30705 | Gauntlet | Gained mutation: You are weak. (Str -2) [a neqoxec]
 30924 | D:12     | Reached skill level 6 in Evocations
 30970 | D:12     | Found a staircase to the Orcish Mines.
 31014 | Orc:1    | Entered Level 1 of the Orcish Mines
 31202 | Orc:2    | Entered Level 2 of the Orcish Mines
 31206 | Orc:2    | Found Rifucemo's Weapon Shoppe.
 31209 | Orc:2    | Identified a +1 robe of the Archmagi
 31216 | Orc:2    | Reached skill level 13 in Transmutations
 31445 | Orc:2    | Reached skill level 1 in Air Magic
 31452 | Orc:2    | Found Cufusch's Antique Armour Boutique.
 31530 | Orc:2    | Reached skill level 7 in Evocations
 31541 | Orc:2    | Found a staircase to the Elven Halls.
 31594 | Orc:2    | Found Ecvupaoh's General Store.
 31598 | Orc:2    | Found Sumya's Distillery.
 31606 | Orc:2    | Reached skill level 2 in Air Magic
 31699 | Orc:2    | Learned a level 5 spell: Silence
 31796 | Orc:2    | Reached skill level 8 in Evocations
 31891 | Orc:2    | Paralysed by an orc sorcerer for 7 turns
 31967 | Orc:2    | Reached skill level 9 in Evocations
 32111 | Orc:2    | Reached skill level 8 in Dodging
 32121 | Orc:2    | Found Busi's Book Emporium.
 32121 | Orc:2    | Found Koixuitt's Antique Weapon Shoppe.
 32122 | Orc:2    | Found a one-way gate leading to the halls of Pandemonium.
 32174 | Orc:2    | Bought a potion of heal wounds for 70 gold pieces
 32174 | Orc:2    | Bought a potion of curing for 42 gold pieces
 33073 | Lair:3   | Found a staircase to the Swamp.
 33806 | D:7      | Reached skill level 9 in Dodging
 33853 | D:7      | Identified the amulet "Tueghocs" {Regen+ Int+6}
 33961 | D:7      | magus.rc [v1.9.6]
 34362 | D:13     | Found a gate to the Vaults.
 34491 | D:13     | Reached XP level 16. HP: 116/116 MP: 25/31
 34515 | D:13     | You pick up a book of Spatial Translocations and begin
                  | reading...
 34515 | D:13     | You add the spells Blink, Lesser Beckoning and Manifold
                  | Assault to your library.
 34542 | D:13     | Found an opulent altar of Gozag.
 34647 | D:13     | You pick up a book of Minor Magic and begin reading...
 34891 | D:14     | Reached skill level 1 in Translocations
 34930 | D:14     | HP: 36/174 [??? (33)]
 35033 | D:14     | Reached skill level 2 in Translocations
 35227 | D:14     | Noticed Kirke
 35236 | D:14     | Killed Kirke
 35339 | D:14     | Found a runed translucent gate.
 35339 | D:14     | Found a runed translucent gate.
 35340 | D:14     | Found a runed translucent gate.
 35340 | D:14     | Noticed a rockslime
 35340 | D:14     | Noticed a rockslime
 35340 | D:14     | Noticed a rockslime
 35340 | D:14     | Noticed an azure jelly
 35340 | D:14     | Noticed Opnastoc's ghost (journeyman MiBe)
 35344 | D:14     | Found a viscous altar of Jiyva.
 35378 | D:14     | You add the spells Borgnjor's Vile Clutch and Eringya's
                  | Noxious Bog to your library.
 35494 | D:14     | Reached skill level 3 in Translocations
 35925 | D:15     | Entered Level 15 of the Dungeon
 35934 | D:15     | Learned a level 5 spell: Manifold Assault
 35950 | D:15     | Found a staircase to the Depths.
 36024 | D:15     | Reached skill level 4 in Translocations
 36035 | D:15     | HP: 32/175 [boulder beetle (18)]
 36038 | D:15     | HP: 12/175 [shot self (7)]
 36158 | D:15     | Reached skill level 11 in Fighting
 36164 | D:15     | Reached skill level 5 in Translocations
 36358 | D:15     | Reached **** piety under Ashenzari
 36613 | D:15     | Learned a level 2 spell: Blink
 36887 | Swamp:1  | Entered Level 1 of the Swamp
 36928 | Swamp:1  | You pick up a book of Displacement and begin reading...
 36928 | Swamp:1  | You add the spells Gell's Gravitas and Teleport Other to
                  | your library.
 37048 | Swamp:1  | Noticed Nikola
 37058 | Swamp:1  | Killed Nikola
 37059 | Swamp:1  | Reached skill level 6 in Translocations
 37098 | Swamp:1  | Noticed Jorgrun
 37110 | Swamp:1  | Killed Jorgrun
 37213 | Swamp:1  | Noticed Donald
 37223 | Swamp:1  | HP: 42/180 [Donald (32)]
 37226 | Swamp:1  | Killed Donald
 37765 | Swamp:2  | Reached skill level 10 in Dodging
 37765 | Swamp:2  | Reached skill level 9 in Spellcasting
 37890 | Swamp:2  | HP: 43/180 [constriction (14)]
 37891 | Swamp:2  | HP: 18/180 [constriction (11)]
 37896 | Swamp:2  | HP: 26/180 [constriction (6)]
 37901 | Swamp:2  | HP: 17/180 [poisoned by a hornet]
 38485 | Swamp:3  | HP: 41/180 [ghoul (14)]
 38490 | Swamp:3  | HP: 31/180 [will-o-the-wisp/foxfire (8)]
 38492 | Swamp:3  | HP: 8/180 [ghoul (15)]
 38492 | Swamp:3  | Mangled by a ghoul

Vanquished Creatures
  Nikola (Swamp:1)
  Jorgrun (Swamp:1)
  Kirke (D:14)
  Donald (Swamp:1)
  A fire giant (D:15)
  A ghoul (Swamp:3)
  An ironbound preserver (D:13)
  2 eleionomae (Swamp:1)
  A minotaur (Gauntlet)
  A shambling mangrove (Swamp:2)
  Harold (D:9)
  16 hydras
  2 demonspawn (Orc:2)
  4 boulder beetles
  A ghost crab (Swamp:2)
  4 catoblepae
  A centaur warrior (D:13)
  4 alligators
  6 death yaks
  2 two-headed ogres (D:9)
  2 death knights (D:14)
  4 orc high priests
  A vampire mage (Swamp:1)
  Urug (Lair:4)
  A sun demon (Orc:2)
  4 skeletal warriors (D:15)
  A deep troll (Orc:2)
  3 goliath frogs
  A lindwurm (Lair:5)
  A swamp dragon (Swamp:1)
  2 bog bodies
  8 orc knights
  3 cyclopes
  3 ugly things
  12 orc sorcerers
  3 will-o-the-wisps
  6 manticores
  2 torpor snails (Lair:2)
  14 elephants
  A rust devil (Orc:2)
  10 black mambas
  15 cane toads
  3 unseen horrors
  A gargoyle (D:7)
  3 kobold demonologists
  3 rime drakes
  8 komodo dragons
  3 efreet
  2 tengu conjurers (D:14)
  5 freezing wraiths
  5 tyrant leeches
  2 bloated husks (Swamp:1)
  7 trolls
  5 hornets
  2 polar bears
  16 blink frogs
  3 slime creatures
  A spriggan (Swamp:1)
  2 shadows
  A ynoxinul (Orc:2)
  5 basilisks
  2 water elementals (D:15)
  6 wraiths
  74 yaks
  2 vampires
  3 chaos spawn (Gauntlet)
  3 wyverns (D:8)
  12 vampire mosquitoes
  2 neqoxecs
  2 steam dragons (D:8)
  3 wargs
  3 acid dragons
  12 swamp worms
  34 water moccasins
  2 swamp drakes
  33 orc warriors
  6 ice beasts
  3 sky beasts
  2 black bears (D:7)
  2 hornet zombies
  A black bear (shapeshifter) (D:15)
  8 centaurs
  4 necrophages
  17 wolves
  3 ogres
  A phantom (D:4)
  4 kobold brigands
  20 bullfrogs
  4 scorpions
  A gnoll sergeant (D:12)
  2 water moccasin skeletons
  5 killer bees (D:10)
  7 wights
  7 electric eels
  2 howler monkeys
  3 centaur zombies
  23 orc priests
  4 centaur skeletons
  4 hounds
  A bullfrog skeleton (D:7)
  2 jellies
  3 iguanas
  Jessica (D:3)
  Ijyb (D:4)
  Terence (D:3)
  4 hell rats
  10 orc wizards
  A killer bee zombie (D:7)
  A hound skeleton (D:5)
  A howler monkey zombie (D:10)
  12 gnolls
  10 adders
  3 white imps
  3 ufetubi
  A worm (D:4)
  2 dart slugs
  66 orcs
  17 endoplasms
  3 giant cockroaches
  14 goblins
  8 hobgoblins
  2 jackals (D:2)
  5 quokkas
  10 ball pythons
  2 bats
  3 frilled lizards
  19 kobolds
  10 rats
769 creatures vanquished.

Vanquished Creatures (others)
  A bloated husk (Swamp:2)
  An orc (D:15)
  11 foxfires
  165 fulminant prisms
  49 fungi
  123 plants
350 creatures vanquished.

Grand Total: 1119 creatures vanquished

Table legend:
 A = Non-vault XP
 B = Vault XP
 C = Vault XP percentage of total XP
 D = Non-vault monster count
 E = Vault monster count
 F = Vault count percentage of total count
                 A         B        C        D         E       F
            +---------+---------+-------+---------+---------+-------
      Total |   99995 |   73678 |  42.4 |     477 |     294 |  38.1
            +---------+---------+-------+---------+---------+-------
        D:1 |      52 |       0 |   0.0 |      31 |       0 |   0.0
        D:2 |      61 |       5 |   7.6 |      22 |       3 |  12.0
        D:3 |      21 |      73 |  77.7 |       6 |       2 |  25.0
        D:4 |     138 |     383 |  73.5 |      22 |      12 |  35.3
        D:5 |     838 |       0 |   0.0 |      14 |       0 |   0.0
        D:6 |    2096 |      59 |   2.7 |      28 |       1 |   3.4
        D:7 |     488 |    4441 |  90.1 |       6 |      31 |  83.8
        D:8 |    1063 |    3758 |  78.0 |      14 |      29 |  67.4
        D:9 |    2326 |     876 |  27.4 |       9 |       1 |  10.0
       D:10 |    1957 |    1673 |  46.1 |      21 |       7 |  25.0
       D:11 |    3882 |       0 |   0.0 |      14 |       0 |   0.0
       D:12 |    3212 |     135 |   4.0 |      16 |       9 |  36.0
       D:13 |    2572 |    4873 |  65.5 |       5 |       9 |  64.3
       D:14 |    4962 |    1377 |  21.7 |      12 |       1 |   7.7
       D:15 |    9603 |    1585 |  14.2 |      23 |       6 |  20.7
     Lair:1 |    6439 |    1651 |  20.4 |      33 |       2 |   5.7
     Lair:2 |    7724 |    9453 |  55.0 |      35 |      24 |  40.7
     Lair:3 |    1974 |     741 |  27.3 |       7 |       3 |  30.0
     Lair:4 |    7517 |    2430 |  24.4 |      21 |      10 |  32.3
     Lair:5 |    4883 |       0 |   0.0 |      20 |       0 |   0.0
     Lair:6 |   14489 |    9647 |  40.0 |      38 |      23 |  37.7
    Swamp:1 |    6593 |    6887 |  51.1 |      16 |       6 |  27.3
    Swamp:2 |    7334 |       0 |   0.0 |      18 |       0 |   0.0
    Swamp:3 |    5648 |       0 |   0.0 |       7 |       0 |   0.0
      Orc:1 |    1007 |       0 |   0.0 |       8 |       0 |   0.0
      Orc:2 |    3116 |   18836 |  85.8 |      31 |      73 |  70.2
     Bailey |       0 |    3052 | 100.0 |       0 |      37 | 100.0
   Gauntlet |       0 |    1743 | 100.0 |       0 |       5 | 100.0
            +---------+---------+-------+---------+---------+-------

Illustrated notes

Table legend:
 A = Kills in this place as a percentage of kills in entire the game.
 B = Kills by you in this place as a percentage of kills by you in the entire game.
 C = Kills by friends in this place as a percentage of kills by friends in the entire game.
 D = Other kills in this place as a percentage of other kills in the entire game.
 E = Experience gained in this place as a percentage of experience gained in the entire game.
 F = Experience gained in this place divided by the number of levels of this place that you have seen.
                   A       B       C       D       E      F
               +-------+-------+-------+-------+-------+----------------------
         Total | 100.0 | 100.0 |   N/A | 100.0 | 100.0 | 5988.7
       Dungeon |  45.9 |  45.9 |   N/A |  50.0 |  30.2 | 3500.6
          Lair |  28.0 |  28.1 |   N/A |   0.0 |  38.5 | 11158.0
         Swamp |   6.1 |   6.0 |   N/A |  50.0 |  15.2 | 8820.7
  Orcish Mines |  14.5 |  14.6 |   N/A |   0.0 |  13.2 | 11479.5
        Bailey |   4.8 |   4.8 |   N/A |   0.0 |   1.8 | 3052.0
      Gauntlet |   0.6 |   0.7 |   N/A |   0.0 |   1.0 | 1743.0
               +-------+-------+-------+-------+-------+----------------------

Table legend: (Time is in decaauts)
 A = Elapsed time spent in this place.
 B = Non-inter-level travel time spent in this place.
 C = Inter-level travel time spent in this place.
 D = Time resting spent in this place.
 E = Time spent auto-exploring this place.
 F = Levels seen in this place.
 G = Mean time per level.
                   A        B        C        D        E       F      G
               +--------+--------+--------+--------+--------+-----+--------+
         Total |  38485 |  35076 |   3409 |   9076 |  13428 |  29 | 1327.1 |
       Dungeon |  19025 |  16843 |   2182 |   2364 |   9364 |  15 | 1268.3 |
        Temple |    255 |    191 |     64 |      0 |    185 |   1 |  255.0 |
          Lair |  13380 |  12317 |   1063 |   5091 |   2631 |   6 | 2230.0 |
         Swamp |   1591 |   1542 |     49 |    537 |    285 |   3 |  530.3 |
  Orcish Mines |   1776 |   1726 |     50 |    225 |    697 |   2 |  888.0 |
        Bailey |   1888 |   1888 |      0 |    859 |    162 |   1 | 1888.0 |
      Gauntlet |    566 |    566 |      0 |      0 |    104 |   1 |  566.0 |
               +--------+--------+--------+--------+--------+-----+--------+

Top non-repeatable levels by time:
  Lair:2: 4448 daAuts
     D:8: 2652 daAuts
  Lair:1: 2460 daAuts
  Bailey: 1888 daAuts
     D:7: 1885 daAuts
  Lair:4: 1839 daAuts
  Lair:5: 1803 daAuts
     D:1: 1723 daAuts
     D:6: 1721 daAuts
     D:4: 1696 daAuts
   Orc:2: 1563 daAuts
  Lair:6: 1550 daAuts
     D:2: 1527 daAuts
  Lair:3: 1277 daAuts
    D:10: 1149 daAuts
